Map: [ESL] Alcyone

Players

Solar

  • Race: Zerg Zerg
  • Spawn Location: 1:00

HeroMarine - Winner!

  • Race: Terran Terran
  • Spawn Location: 7:00

Event: IEM Katowice 2024

VOD

Have the link to the VOD?

Description

Time

  • Played on: Feb. 9, 2024, 7:08 a.m.
  • Length: 8:59

All games in this series

Show
View Real Time Build Order
Export as new Build Order

Solar Zerg 

Build Orders: Hatch First 

Get SALT Encoding   

  12  0:00  Drone  
  13  0:11  Overlord  
  13  0:17  Drone  
  14  0:30  Drone  
  14  0:31  Drone  
  16  0:48  Hatchery  
  15  0:52  Drone  
  15  0:54  Drone  
  17  0:57  Drone  
  18  1:09  Extractor  
  17  1:13  Spawning Pool  
  17  1:16  Drone  
  17  1:19  Drone  
  18  1:28  Drone  
  19  1:38  Drone  
  20  1:49  Drone  
  21  2:00  Queen x2  
  25  2:01  Zergling x4  
  27  2:12  Drone, Overlord  
  28  2:22  Hatchery  
  27  2:25  Drone  
  27  2:29  Metabolic Boost  
  28  2:32  Drone  
  29  2:37  Drone  
  29  2:41  Queen  
  32  2:46  Overlord  
  32  2:51  Drone x2  
  32  2:55  Drone  
  32  2:56  Drone  
  35  3:05  Drone  
  35  3:06  Drone  
  35  3:10  Drone x3  
  40  3:17  Queen, Overlord  
  42  3:20  Drone  
  42  3:26  Overlord  
  43  3:29  Overlord  
  43  3:33  Queen  
  45  3:37  Queen  
  45  3:41  Drone x2  
  49  3:45  Drone x2  
  49  3:46  Overlord  
  51  3:50  Drone  
  51  3:51  Drone x2  
  51  3:54  Drone x2  
  56  3:58  Drone x2  
  56  4:00  Drone  
  56  4:02  Drone  
  60  4:06  Drone  
  60  4:07  Drone  
  62  4:13  Drone x2  
  62  4:14  Queen  
  62  4:15  Queen  
  68  4:17  Drone  
  68  4:18  Overlord  
  68  4:23  Drone x2  
  71  4:24  Drone x2  
  71  4:29  Extractor, Overlord  
  71  4:30  Zergling x2  
  73  4:34  Zergling x2  
  73  4:41  Spore Crawler  
  73  4:42  Zergling x2, Spore Crawler  
  73  4:43  Zergling x6  
  75  4:46  Drone x3  
  75  4:47  Drone  
  75  4:50  Zergling x10  
  84  4:55  Queen  
  84  4:56  Overlord  
  84  4:57  Evolution Chamber  
  84  4:58  Evolution Chamber  
  84  4:59  Zergling x2  
  85  5:03  Zergling x2  
  86  5:08  Drone  
  86  5:09  Zergling x2  
  86  5:13  Drone  
  89  5:17  Overlord  
  89  5:18  Zergling x2  
  89  5:22  Drone x4  
  89  5:25  Zerg Melee Weapons Level 1, Drone x3, Zerg Ground Armor Level 1  
  89  5:26  Extractor  
  95  5:29  Drone x2  
  98  5:35  Drone  
  98  5:36  Overlord  
  98  5:37  Extractor, Lair  
  98  5:38  Drone  
  98  5:41  Zergling x4, Hatchery  
  99  5:45  Zergling x4, Extractor  
  100  5:51  Zergling x4  
  100  5:52  Baneling Nest  
  100  5:54  Drone, Overlord x2  
  100  5:56  Zergling x2  
  103  6:02  Drone  
  103  6:03  Zergling x8  
  103  6:04  Zergling x6  
  111  6:06  Drone  
  112  6:14  Drone  
  112  6:15  Overlord  
  112  6:18  Drone  
  114  6:26  Drone  
  114  6:27  Drone x4  
  114  6:30  Drone  
  120  6:35  Zergling x2  
  120  6:36  Zergling x4  
  120  6:39  Zergling x8  
  126  6:40  Centrifugal Hooks  
  126  6:42  Zergling x2  
  126  6:45  Hatchery  
  126  6:46  Baneling  
  126  6:47  Baneling x11  
  126  6:49  Zergling x2, Baneling  
  126  6:50  Overlord  
  126  6:52  Zergling x2  
  126  6:53  Queen  
  129  6:55  Drone  
  130  7:03  Zergling x6  
  130  7:05  Drone  
  134  7:11  Drone  
  134  7:14  Zergling x14, Overlord  
  142  7:23  Drone  
  142  7:25  Hatchery  
  142  7:27  Baneling x7  
  142  7:28  Zergling x12  
  148  7:33  Drone  
  148  7:34  Overseer  
  148  7:36  Extractor  
  147  7:39  Drone x2  
  147  7:40  Drone x2, Hydralisk Den  
  147  7:41  Infestation Pit, Drone x3  
  147  7:42  Zergling x10  
  157  7:49  Overlord  
  157  7:50  Baneling x5  
  158  7:51  Zergling x4  
  158  7:55  Overlord  
  159  8:00  Overlord  
  159  8:03  Baneling x11  
  151  8:06  Zergling x2  
  151  8:07  Zergling x10  
  144  8:14  Zergling x14  
  144  8:15  Queen x2  
  144  8:17  Baneling x13  
  144  8:18  Zergling x6  
  145  8:23  Zergling x8  
  145  8:24  Zergling x2  
  143  8:28  Zergling x2  
  143  8:30  Zergling x2  
  136  8:35  Zergling x2  
  136  8:38  Zergling x2  
  133  8:42  Zergling x2  
Show
View Real Time Build Order
Export as new Build Order

HeroMarine Terran - Winner!

Build Orders: Command Center First 

Get SALT Encoding   

  12  0:00  SCV  
  13  0:12  SCV  
  14  0:16  Supply Depot  
  14  0:24  SCV  
  15  0:38  SCV  
  16  0:50  SCV  
  17  0:59  Command Center  
  17  1:05  SCV  
  18  1:11  Barracks  
  18  1:17  SCV  
  19  1:21  Refinery  
  19  1:29  SCV  
  20  1:41  SCV  
  21  1:58  Orbital Command, Marine  
  22  2:10  Orbital Command  
  22  2:16  Reaper  
  22  2:20  Command Center  
  23  2:24  SCV  
  24  2:36  SCV  
  25  2:37  SCV  
  25  2:38  Barracks  
  26  2:48  Barracks Reactor, SCV  
  26  2:49  SCV  
  28  2:52  Barracks  
  28  3:00  SCV  
  28  3:01  SCV, Supply Depot  
  30  3:05  Refinery  
  30  3:12  SCV  
  31  3:13  SCV  
  32  3:24  SCV  
  32  3:25  Barracks Tech Lab, SCV, Marine x2  
  36  3:36  SCV  
  36  3:37  SCV  
  36  3:39  Marine  
  39  3:43  Marine x2  
  39  3:44  Marine  
  39  3:45  Stimpack  
  39  3:47  Orbital Command  
  42  3:48  SCV  
  42  3:49  Factory, SCV  
  42  3:52  Engineering Bay  
  44  3:57  Marine  
  44  4:00  Marine  
  44  4:01  Marine, SCV x2  
  44  4:02  Marine  
  50  4:09  Supply Depot  
  50  4:13  SCV x2  
  50  4:14  SCV  
  50  4:15  Marine  
  50  4:16  Refinery  
  54  4:18  Terran Infantry Weapons Level 1, Marine x2  
  54  4:20  Marine  
  57  4:25  SCV x2  
  57  4:27  SCV  
  60  4:32  Marine, Supply Depot  
  60  4:34  Factory Reactor, Starport  
  60  4:37  SCV x2  
  63  4:39  SCV, Marine x3  
  66  4:48  Barracks  
  66  4:49  Barracks, SCV  
  66  4:51  SCV  
  66  4:52  Orbital Command, Refinery  
  69  4:55  Supply Depot  
  69  4:57  Marine  
  70  5:01  Marine, SCV  
  70  5:03  Barracks Reactor, SCV  
  70  5:04  Supply Depot, Marine  
  73  5:13  SCV  
  74  5:14  Marine  
  74  5:15  SCV  
  74  5:17  Factory Tech Lab, Medivac  
  74  5:18  Medivac  
  74  5:19  Marine, SCV  
  82  5:25  SCV  
  82  5:27  Supply Depot, SCV  
  84  5:31  Combat Shield  
  84  5:33  Barracks  
  84  5:34  Barracks, Marine  
  84  5:35  Barracks, Marine  
  86  5:37  Marine  
  86  5:38  Siege Tank  
  86  5:40  SCV  
  86  5:42  SCV x2  
  93  5:44  Barracks Reactor  
  93  5:45  Barracks Reactor  
  93  5:49  Supply Depot  
  93  5:52  Marine x2  
  93  5:53  Marine x2  
  93  5:54  Supply Depot  
  93  5:55  Marine  
  93  5:56  SCV  
  100  6:01  Supply Depot  
  100  6:02  Medivac  
  101  6:09  Supply Depot  
  101  6:10  Medivac, Marine x2  
  101  6:11  Marine x2, Supply Depot  
  106  6:13  Marine  
  106  6:18  Siege Tank  
  111  6:21  Marine  
  111  6:22  Marine x6  
  118  6:26  Terran Infantry Armor Level 1, Supply Depot  
  118  6:28  Marine x2  
  118  6:32  Supply Depot  
  120  6:35  Marine  
  120  6:36  Marine x2  
  120  6:39  Marine  
  124  6:40  Marine x5  
  124  6:41  Marine  
  124  6:42  Medivac  
  124  6:46  Marine x2, Medivac  
  136  6:47  Supply Depot  
  136  6:52  Siege Tank  
  136  6:53  Marine x2  
  141  6:55  Supply Depot, Marine  
  141  6:56  Supply Depot  
  141  6:58  Marine x2  
  141  7:00  Marine x4  
  148  7:01  Marine  
  148  7:04  Marine x2  
  151  7:11  Marine x2  
  151  7:12  Marine  
  154  7:16  Marine x2  
  154  7:18  Marine x4  
  154  7:20  Medivac  
  154  7:21  Marine x2, Medivac  
  154  7:22  Marine  
  167  7:28  Supply Depot  
  167  7:29  Marine x2, Supply Depot  
  169  7:30  Marine  
  169  7:34  Marine x2  
  169  7:35  Marine  
  169  7:36  Siege Tank, Marine  
  177  7:37  Marine  
  177  7:40  Marine  
  177  7:42  Marine  
  177  7:43  Supply Depot, Marine  
  181  7:49  Marine x4  
  181  7:50  Supply Depot  
  185  7:52  Marine x2  
  186  8:01  Marine  
  186  8:02  Marine x3  
  186  8:03  Marine  
  190  8:07  Marine  
  190  8:08  Siege Tank, Marine  
  190  8:09  Marine x2, Medivac x2  
  190  8:10  Marine x3  
  184  8:19  Marine x2  
  170  8:20  Marine x2  
  170  8:21  Marine  
  170  8:25  Marine x2  
  136  8:27  Marine x2  

Tags
 
Add a new tag
Caveats
  • Supply blocks, unpowered buildings, or Contaminate may cause inaccurate times.
  • Supply counts are checked every 10 seconds.